 Dungeon Crawl Stone Soup version 0.31-a0-115-g4708a659fe (webtiles) character file.

Game seed: 2874388066718405267

305 Elsrick the Poker (level 6, -4/38 HPs)
             Began as a Tengu Chaos Knight on May 28, 2023.
             Was a Plaything of Xom.
             Slain by an ancient zyme (10 damage)
             ... on level 1 of the Abyss on May 30, 2023.
             The game lasted 00:08:31 (2216 turns).

Elsrick the Poker (Tengu Chaos Knight)              Turns: 2216, Time: 00:08:31

Health: -4/38      AC: 12    Str: 14    XL:     6   Next: 39%
Magic:  7/7        EV:  5    Int: 12    God:    Xom [.....*]
Gold:   123        SH:  0    Dex: 14    Spells: 5/5 levels left

rFire   . . .        p - +2 flail (venom)
rCold   . . .        (no shield)
rNeg    + . .        u - +0 plate armour
rPois   .            (helmet restricted)
rElec   .            (no cloak)
rCorr   .            o - +0 pair of gloves
SInv    .            (boots unavailable)
Will    .....        (no amulet) Stlth
                     j - +4 ring of slaying
HPRegen 0.00/turn    m - ring of positive energy
MPRegen 0.10/turn

%: no passive effects
@: liquefying, sick, flying quickly and evasively, slowed movement, slow
A: beak, talons 3, nimble flight
a: Renounce Religion


You were on level 1 of the Abyss.
You worshipped Xom.
You were Xom's teddy bear.
You visited 1 branch of the dungeon, and saw 4 of its levels.
You visited the Abyss 1 time.

You collected 123 gold pieces.

Inventory:

Hand Weapons
 a - a +0 spear of chaos
 p - a +2 flail of venom (weapon)
 s - a +4 spear
Missiles
 g - a throwing net
 l - 6 poisoned darts
Armour
 b - a +2 leather armour
 n - a +3 ring mail
 o - a +0 pair of gloves (worn)
 u - a +0 plate armour (worn)
Jewellery
 j - a +4 ring of slaying (left hand)
 m - a ring of positive energy (right hand)
Scrolls
 d - a scroll of acquirement {unknown}
 e - a scroll of enchant weapon {unknown}
 f - 2 scrolls of amnesia
 h - 4 scrolls of identify {unknown}
 i - 3 scrolls of teleportation {unknown}
 k - 2 scrolls of enchant armour {unknown}
 q - 2 scrolls of fear {unknown}
 t - a scroll of fog {unknown}
Potions
 r - a potion of curing {unknown}
 v - a potion of enlightenment {unknown}
Miscellaneous
 c - a piece from Xom's chessboard (15/15) (quivered)


   Skills:
 + Level 3.7 Fighting
 * Level 3.0 Maces & Flails
 - Level 5.0 Polearms
 + Level 3.5 Armour
 + Level 1.3 Dodging
 - Level 2.3 Stealth
 + Level 0.1 Evocations


You had 5 spell levels left.
You didn't know any spells.
Your spell library contained the following spells:

 Spells                   Type           Power      Damage    Failure   Level
 Inner Flame              Hex/Fire       0%         N/A       100%        3
 Flame Wave               Conj/Fire      0%         2d4       100%        4
 Sticky Flame             Conj/Fire      0%         2d3       100%        4


Dungeon Overview and Level Annotations

Branches:
Dungeon (4/15)
 Temple: D:4-7

Altars:
Cheibriados
Fedhas
Hepliaklqana
Xom

Shops:
D:3 (


Innate Abilities, Weirdness & Mutations

You have a beak for a mouth.
You have claws for feet.
Your magical nature lets you fly swiftly and evasively.


Message History

Something hits you but does no damage.
You sock something!
Reactivating autopickup.
You feel a bit more experienced.
The orc hits you with a +0 dagger of distortion.
Space warps around you.
Your Maces & Flails skill increases to level 3!
The orc hits you but does no damage. The orc barely misses you.
Things that are here:
a +0 dagger; a +0 robe; an orc corpse You hit the orc.
The orc is poisoned.
Your kick misses the orc. You peck the orc.
You kill the orc!
The orc hits you but does no damage. The orc hits you with a +0 hand axe.
The orc hits you with a +0 dagger of distortion.
You emit a cloud of colourful smoke!
You are cast into the Abyss!
This branch contains the abyssal rune of Zot.
Xom roars with laughter!
There is an open door here.
Found a corrupted altar of Lugonu.
Found a gateway leading deeper into the Abyss.
As you read the scroll labelled SUESTOSEGE, it crumbles to dust.
It is a scroll of amnesia.
You feel forgetful for a moment.
You feel yourself growing ill in the presence of the ancient zyme.
You feel ill.
An efreet comes into view.
It is wielding a +3 scimitar of flaming.
The efreet gestures at you. The bolt of fire hits you!
* * * LOW HITPOINT WARNING * * *
You emit a cloud of colourful smoke!
Xom guffaws.
The ground around you becomes liquefied!
You are now Xom's teddy bear.
Found a corrupted altar of Lugonu.
The ancient zyme attacks as you move away!
The ancient zyme hits you!
You die...
Xom cackles wildly!

.. .R. .# ... .# #.
.# ...# #.####..# #
#.#.....#
#.##.§§########.#.
#...§§§.x#......_
.##.#.....#@# .#
#....#......#........
#.. .#.#+#.##........
#....####.....##. .
#..#..# ###.### . #
....#......#
........#. ....#
.#......#......# #
#.......### #


You could see an ancient zyme.

Vanquished Creatures
  A phantom (D:4)
  Terence (D:3)
  An orc wizard (D:4)
  6 gnolls (D:2)
  6 adders
  A worm (D:2)
  2 dart slugs
  8 orcs
  6 ball pythons
  2 bats
  5 endoplasms
  3 giant cockroaches
  3 hobgoblins
  5 kobolds
  A quokka (D:2)
  4 frilled lizards
  4 goblins
  A rat (D:1)
60 creatures vanquished.

Notes
Turn   | Place    | Note
-------+----------+-------------------------------------------
     0 | D:1      | Elsrick the Tengu Chaos Knight began the quest for the Orb.
     0 | D:1      | Reached XP level 1. HP: 14/14 MP: 2/2
    13 | D:1      | XOM: smoke on damage
    91 | D:1      | XOM: silly message
   114 | D:1      | Reached XP level 2. HP: 19/19 MP: 3/3
   313 | D:1      | You fall into a shaft and drop 1 floor!
   320 | D:2      | Found a snail-covered altar of Cheibriados.
   378 | D:2      | Reached skill level 1 in Stealth
   378 | D:2      | Reached XP level 3. HP: 23/23 MP: 4/4
   394 | D:2      | XOM: butterfly on damage
   395 | D:2      | Reached skill level 4 in Polearms
   455 | D:1      | Upgraded the game from 0.31-a0-112-gdf0485fa37 to
                  | 0.31-a0-115-g4708a659fe
   729 | D:1      | XOM: divination: magic mapping
   956 | D:2      | Reached XP level 4. HP: 28/28 MP: 5/5
  1167 | D:2      | Gained mutation: Your magical nature lets you fly swiftly
                  | and evasively. [Tengu growth]
  1167 | D:2      | Reached XP level 5. HP: 22/32 MP: 6/6
  1173 | D:2      | Reached skill level 5 in Polearms
  1319 | D:2      | XOM: divination: magic mapping
  1569 | D:3      | Noticed Terence
  1578 | D:3      | Killed Terence
  1579 | D:3      | Reached skill level 1 in Maces & Flails
  1612 | D:3      | Found a shimmering altar of Xom.
  1613 | D:3      | Found a hazy altar of Hepliaklqana.
  1614 | D:3      | Noticed a spectral ugly thing
  1674 | D:3      | XOM: noise
  1813 | D:3      | Found Otim Ata's Weapon Boutique.
  1818 | D:3      | Found a blossoming altar of Fedhas.
  2158 | D:4      | Noticed a phantom
  2166 | D:4      | Killed a phantom
  2167 | D:4      | Reached XP level 6. HP: 37/38 MP: 7/7
  2190 | D:4      | XOM: smoke on damage
  2190 | Abyss:1  | Cast into level 1 of the Abyss (orc)
  2192 | Abyss:1  | Found a corrupted altar of Lugonu.
  2200 | Abyss:1  | Noticed an ancient zyme
  2210 | Abyss:1  | Noticed an efreet
  2211 | Abyss:1  | XOM: smoke on damage
  2213 | Abyss:1  | XOM: cast spell 'Leda's Liquefaction'
  2215 | Abyss:1  | Found a corrupted altar of Lugonu.
  2216 | Abyss:1  | Slain by an ancient zyme

Illustrated notes

Levels and vault maps discovered:
D:1:      elethiomel_arrival_maze, layout_basic, minmay_misc_feat_cross
D:2:      layout_loops_ring, basic_altar
D:3:      layout_loops_ring, regret_index_temple_of_mockery, fedhas_altar_1,
          serial_shops, shop, uniq_terence
D:4:      layout_basic, uniq_menkaure, uniq_duvessa, uniq_ijyb
Abyss:1:  base:
D:3

Skill      XL: |  1  2  3  4  5  6 |
---------------+-------------------+-----
Stealth        | 1 2 |  2.3
Polearms       | 4 5 |  5.0
Maces & Flails | 2 3 |  3.0
Armour         | 3 |  3.5
Fighting       | |  3.7
Dodging        | |  1.3
Evocations     | |  0.1

Action                     |  1- 3 |  4- 6 || total
---------------------------+-------+-------++-------
  Melee: Spear             |    67 |    35 ||   102
         Kick              |    11 |    12 ||    23
         Peck              |     7 |     8 ||    15
         Punch             |     1 |     1 ||     2
         Flail             |       |    36 ||    36
  Evoke: Piece from Xom's  |     3 |     1 ||     4
    Use: Scroll            |       |     1 ||     1
   Stab: Petrifying        |     1 |       ||     1
         Sleeping          |     2 |     3 ||     5
         Distracted        |     1 |     1 ||     2
         Petrified         |       |     6 ||     6
         Confused          |       |     1 ||     1
 Armour: Leather armour    |     8 |       ||     8
         Ring mail         |     4 |    17 ||    21
         Plate armour      |       |     9 ||     9
  Dodge: Dodged            |    15 |    14 ||    29

Table legend: (Time is in decaauts)
 A = Elapsed time spent in this place.
 B = Non-inter-level travel time spent in this place.
 C = Inter-level travel time spent in this place.
 D = Time resting spent in this place.
 E = Time spent auto-exploring this place.
 F = Levels seen in this place.
 G = Mean time per level.
                   A        B        C        D        E       F      G
               +--------+--------+--------+--------+--------+-----+--------+
         Total |   2125 |   2070 |     55 |    135 |   1398 |   5 |  425.0 |
       Dungeon |   2101 |   2046 |     55 |    135 |   1398 |   4 |  525.2 |
         Abyss |     23 |     23 |      0 |      0 |      0 |   1 |   23.0 |
               +--------+--------+--------+--------+--------+-----+--------+

Top non-repeatable levels by time:
     D:2: 798 daAuts
     D:1: 678 daAuts
     D:3: 587 daAuts
     D:4: 36 daAuts
 Abyss:1: 23 daAuts
